cohdb
Replays
Latest Replays
All Replays
Popular Replays
Top Player Replays
Match Explorer
How It Works
Community
CoH3 Stats
Reddit
Sign in to upload your games and track your stats! →
Sign in with Steam
Match 40966245
Unlisted
Match 40966245
Overview
Messages
Build Orders
End
Panzergrenadier Squad
250 Light Carrier
Panzergrenadier Squad
Panzergrenadier Squad
Construct Light Support Kompanie
2.5-tonne Medical Truck
Fire Support Elements
le.IG 18 Support Gun Team
Selects Armored Support Battlegroup
Selects Salvage Kits
Selects Veteran Gunners
Pak 38 Anti-tank Gun Team
Combat Half-tracks
2.5-tonne Medical Truck
Construct Panzerarmee Kommand
Panzer III L Medium Tank
Panzergrenadier Squad
一千個妓女的兒子
VVarMachine
Valdai
Бамбас
顶风射十米
The Unnamed One
BooralKing
灬柒霜傲雪乄
0
0
Comments
sign in to comment!
No comments posted yet!